cohdb
Replays
Latest Replays
All Replays
Popular Replays
Top Player Replays
Match Explorer
How It Works
Community
CoH3 Stats
Reddit
Sign in to upload your games and track your stats! →
Sign in with Steam
Match 42780030
Unlisted
Match 42780030
Overview
Messages
Build Orders
End
Panzerpioneer Squad
Panzerpioneer Squad
250 Light Carrier
Construct Light Support Kompanie
Selects Italian Infantry
Selects Defensive Operations
Assault Grenadier Squad
2.5-tonne Medical Truck
Fire Support Elements
Panzerjäger Squad
Vehicle Survival Package
Selects Prepared Positions
Raiden
shadow 2
rabbit hole
TheCreepy
S.S.Vodka
Definitely Not Juzo
0
0
Comments
sign in to comment!
No comments posted yet!